 Dungeon Crawl Stone Soup version 0.22.0-6-g71bd7aa (webtiles) character file.

626 Amnesiac the Gusty (level 7, -3/46 HPs)
             Began as a Mummy Air Elementalist on Aug 15, 2018.
             Slain by Pikel
             ... wielding a +2 whip of freezing
              (4 damage)
             ... on level 4 of the Dungeon.
             The game lasted 00:13:56 (3169 turns).

Amnesiac the Gusty (Mummy Air Elementalist)         Turns: 3169, Time: 00:13:57

Health: -3/46      AC:  4    Str: 12    XL:     7   Next: 23%
Magic:  0/15       EV: 11    Int: 16    God:
Gold:   128        SH:  0    Dex: 12    Spells: 7/17 levels left

rFire    . . .     SeeInvis .   k - +0 falchion
rCold    + . .     Gourm    .   (no shield)
rNeg     + + +     Faith    .   i - +1 robe {rF+}
rPois    ∞         Spirit   .   (no helmet)
rElec    .         Reflect  .   (no cloak)
rCorr    +         Harm     .   (no gloves)
MR       .....                  c - +0 pair of boots
Stlth    +.........             f - amulet of magic regeneration
HPRegen  0.15/turn              e - ring of resist corrosion
MPRegen  0.39/turn              (no ring)

@: very slightly contaminated, drained
A: no food or potions, fire vulnerability, cold resistance 1, negative energy
resistance 3, torment resistance, unbreathing
a: no special abilities


You were on level 4 of the Dungeon.
You were not hungry.

You visited 1 branch of the dungeon, and saw 5 of its levels.

You collected 128 gold pieces.

Inventory:

Hand Weapons
 k - a +0 falchion (weapon)
 l - a +2 hand axe of venom
Armour
 c - a +0 pair of boots (worn)
 i - a +1 robe of fire resistance (worn)
Jewellery
 e - a ring of resist corrosion (left hand)
 f - an amulet of magic regeneration (around neck)
 h - an uncursed amulet of harm
Scrolls
 a - 2 scrolls of teleportation {!r, unknown}
 b - 2 scrolls of identify {!r, unknown}
 d - a scroll of remove curse {!r}
 g - a scroll of fear {!r, unknown}
 j - a scroll of random uselessness {!r, unknown}


   Skills:
 - Level 1.5(0.5) Dodging
 - Level 1.5(0.5) Stealth
 + Level 5.9(4.7) Spellcasting
 - Level 0.7(0.0) Conjurations
 * Level 5.9(4.7) Air Magic


You had 7 spell levels left.
You knew the following spells:

 Your Spells              Type           Power        Failure   Level  Hunger
a - Shock                 Conj/Air       ##..         6%          1    N/A
b - Lightning Bolt        Conj/Air       ##........   86%         5    N/A
d - Airstrike             Air            ###.......   22%         4    N/A

Your spell library contained the following spells:

 Spells                   Type           Power        Failure   Level  Hunger
 Swiftness                Chrm/Air       ##......     9%          2    N/A
 Static Discharge         Conj/Air       ##......     19%         3    N/A

Dungeon Overview and Level Annotations

Branches:
Dungeon (5/15)
 Temple: D:4-7

Altars:
Gozag
Makhleb
Okawaru
Trog
Uskayaw
Wu Jian

Annotations:
D:4 Pikel


Innate Abilities, Weirdness & Mutations

You do not eat or drink.
Your flesh is vulnerable to fire.
You are immune to poison.
Your flesh is cold resistant. (rC+)
You are immune to negative energy. (rN+++)
You are immune to unholy pain and torment.
You can survive without breathing.


Message History

Press: ? - help, Shift-Dir - straight line, f/p - Pikel
Aim: Pikel, wielding a whip of freezing and wearing a robe (severely wounded)
The zap hits Pikel.
Pikel is severely wounded.
The zap hits the slave.
The slave is heavily wounded.
The zap misses the slave.
The zap hits Pikel.
Pikel appears unharmed.
Pikel is severely wounded.
Pikel hits you with a whip of freezing.
* * * LOW HITPOINT WARNING * * *
Pikel freezes you.
* * * LOW HITPOINT WARNING * * *
Casting: Shock (safe; 6% risk of failure)
Confirm with . or Enter, or press ? or * to list all spells.
Aiming: Shock (safe; 6% risk of failure)
Press: ? - help, Shift-Dir - straight line, f/p - Pikel
Aim: Pikel, wielding a whip of freezing and wearing a robe (severely wounded)
The zap hits Pikel.
Pikel appears unharmed.
Pikel is severely wounded.
The zap hits the slave.
The slave is severely wounded.
The zap misses the slave. x2; The zap hits the slave.
The slave is severely wounded.
The zap hits Pikel.
Pikel is severely wounded.
Pikel hits you with a whip of freezing!
* * * LOW HITPOINT WARNING * * *
Casting: Shock (safe; 6% risk of failure)
Confirm with . or Enter, or press ? or * to list all spells.
Aiming: Shock (safe; 6% risk of failure)
Press: ? - help, Shift-Dir - straight line, f/p - Pikel
Aim: Pikel, wielding a whip of freezing and wearing a robe (severely wounded)
The zap hits Pikel.
Pikel appears unharmed.
Pikel is severely wounded.
The zap misses the slave.
The zap hits the slave.
The slave is lightly wounded.
The zap hits the slave.
The slave is moderately wounded.
The zap misses the slave.
The zap hits Pikel.
Pikel is almost dead.
Pikel hits you with a whip of freezing!
* * * LOW HITPOINT WARNING * * *
Casting: Shock (safe; 6% risk of failure)
Confirm with . or Enter, or press ? or * to list all spells.
Aiming: Shock (safe; 6% risk of failure)
Press: ? - help, Shift-Dir - straight line, f/p - Pikel
Aim: Pikel, wielding a whip of freezing and wearing a robe (almost dead)
The zap hits Pikel.
Pikel is almost dead.
The zap misses the slave.
The zap hits the slave.
The slave is moderately wounded.
The zap misses the slave.
The zap hits the slave.
The slave is almost dead.
The zap hits Pikel.
Pikel is almost dead.
Pikel hits you but does no damage.
Casting: Shock (safe; 6% risk of failure)
Confirm with . or Enter, or press ? or * to list all spells.
Aiming: Shock (safe; 6% risk of failure)
Press: ? - help, Shift-Dir - straight line, p - Pikel The zap misses Pikel.
The zap hits Pikel.
Pikel is almost dead.
Pikel hits you with a whip of freezing.
You die...

###....##.# ......p##.#
..#.)..##.#######
#.#.###.K)......# #..##
##..#####.# #..# #..#
#p# #..## ##..# #p#
#.#.###.#.#####K########
#.#....##^......@......#
#.#.#.#########.######.#
#.#.#.#########.# #.#
#.#..#..........# #.#
#.###.########### #.#
#.# #.# ###########.#
#.###.# #...........#
...##.# #.###########
......## #.#


You could see Pikel and 2 slaves.

Vanquished Creatures
  A slave (D:4)
  An ogre (D:4)
  A scorpion (D:4)
  A hound (D:5)
  7 orc wizards
  An orc priest (D:4)
  An iguana (D:4)
  4 worker ants
  Robin (D:4)
  An adder skeleton (D:5)
  A worm (D:4)
  A dart slug (D:1)
  2 leopard geckos
  27 orcs
  4 giant cockroaches
  7 goblins
  4 hobgoblins
  7 jackals
  3 kobolds
  2 quokkas
  A ball python (D:3)
  4 bats
  2 frilled lizards
  A giant cockroach zombie (D:5)
  A jackal skeleton (D:4)
  2 rats (D:1)
88 creatures vanquished.

Vanquished Creatures (others)
  11 toadstools (D:3)
11 creatures vanquished.

Grand Total: 99 creatures vanquished

Notes
Turn   | Place    | Note
-------+----------+-------------------------------------------
     0 | D:1      | Amnesiac the Mummy Air Elementalist began the quest for the Orb.
     0 | D:1      | Reached XP level 1. HP: 13/13 MP: 4/4
   156 | D:1      | Reached XP level 2. HP: 19/19 MP: 1/5
   527 | D:2      | Found an opulent altar of Gozag.
   698 | D:3      | Reached XP level 3. HP: 3/24 MP: 4/7
  1157 | D:4      | Reached XP level 4. HP: 28/30 MP: 3/9
  1173 | D:4      | Reached XP level 5. HP: 14/35 MP: 0/11
  1208 | D:4      | Learned a level 4 spell: Airstrike
  1692 | D:4      | Reached XP level 6. HP: 32/41 MP: 7/13
  1718 | D:4      | Learned a level 5 spell: Lightning Bolt
  1842 | D:3      | Found an ornate altar of the Wu Jian Council.
  1917 | D:4      | Reached skill level 5 in Air Magic
  1928 | D:4      | Reached skill level 5 in Spellcasting
  1977 | D:5      | Entered Level 5 of the Dungeon
  2193 | D:5      | Found a burning altar of Makhleb.
  2394 | D:4      | Found a hide-covered altar of Uskayaw.
  2473 | D:4      | Noticed a slave
  2496 | D:4      | Killed a slave
  2519 | D:4      | Found a bloodstained altar of Trog.
  2520 | D:4      | Noticed a slave
  2522 | D:4      | Noticed Pikel
  2525 | D:4      | Noticed a slave
  2526 | D:4      | Noticed a slave
  2549 | D:5      | Reached XP level 7. HP: 33/46 MP: 10/15
  2632 | D:5      | Found an iron altar of Okawaru.
  3122 | D:4      | Noticed Robin
  3134 | D:4      | Killed Robin
  3165 | D:4      | HP: 1/46 [Pikel/whip of freezing (7)]
  3169 | D:4      | Slain by Pikel

Skill      XL: |  1  2  3  4  5  6 |
---------------+-------------------+-----
Air Magic      | 3 4 5 |  5.9
Spellcasting   | 3 4 5 |  5.9
Dodging        | |  1.5
Stealth        | |  1.5
Conjurations   | |  0.7

Action                   |  1- 3 |  4- 6 |  7- 9 || total
-------------------------+-------+-------+-------++-------
Melee: Unarmed           |     1 |     1 |       ||     2
       Falchion          |       |       |     1 ||     1
 Cast: Shock             |    82 |   104 |    68 ||   254
       Airstrike         |       |     3 |     5 ||     8
  Use: Scroll            |       |     1 |       ||     1
Armor: Robe              |    13 |    16 |     7 ||    36
Dodge: Dodged            |    18 |    55 |    20 ||    93
       Rpst.: Falchion   |       |       |     1 ||     1
